 Dungeon Crawl Stone Soup version 0.25-a0-353-ged6d54792d (webtiles) character file.

Game seed: 8533700628787412066, levelgen mode: deterministic

57 sankara the Grave Robber (level 4, -1/33 HPs)
             Began as a Hill Orc Necromancer on Jan 1, 2020.
             Slain by Natasha (9 damage)
             ... on level 2 of the Dungeon on Jan 2, 2020.
             The game lasted 00:09:42 (1777 turns).

sankara the Grave Robber (Hill Orc Necromancer)     Turns: 1777, Time: 00:09:43

Health: -1/33      AC:  2    Str: 10    XL:     4   Next: 0%
Magic:  0/6        EV: 11    Int: 16    God:
Gold:   87         SH:  6    Dex: 11    Spells: 1/6 levels left

rFire    + . .     SeeInvis .   a - +2 dagger (holy)
rCold    . . .     Gourm    .   e - +2 buckler
rNeg     . . .     Faith    .   d - +0 robe
rPois    .         Spirit   .   (no helmet)
rElec    .         Reflect  .   (no cloak)
rCorr    .         Harm     .   (no gloves)
MR       .....                  (no boots)
Stlth    ++........             f - amulet of the acrobat
HPRegen  0.11/turn              q - ring of protection from fire {rF+, !d}
MPRegen  0.10/turn              (no ring)

@: no status effects
A: no striking features
a: no special abilities


You were on level 2 of the Dungeon.
You were not hungry.

You visited 1 branch of the dungeon, and saw 2 of its levels.

You collected 87 gold pieces.

Inventory:

Hand Weapons
 a - a +2 dagger of holy wrath (weapon)
   (You took it off a goblin on level 2 of the Dungeon)
 k - a +0 dagger
   (You took it off a goblin on level 1 of the Dungeon)
 t - a +0 hand axe
   (You found it on level 1 of the Dungeon)
Missiles
 h - 31 stones (quivered)
 l - 15 sling bullets
 s - 2 throwing nets {=f, !d}
Armour
 d - a +0 robe (worn)
 e - a +2 buckler (worn)
   (You found it on level 1 of the Dungeon)
Jewellery
 f - an amulet of the acrobat (around neck)
   (You found it on level 1 of the Dungeon)
 q - a ring of protection from fire (left hand) {rF+, !d}
   (You found it on level 2 of the Dungeon)
Scrolls
 b - a scroll of noise {unknown}
 g - a scroll of remove curse {unknown}
 m - 3 scrolls of identify {unknown}
 n - a scroll of teleportation {unknown}
 p - a scroll of fear {unknown}
 r - a scroll of magic mapping {unknown}
 u - a scroll of immolation {unknown}
Potions
 i - a potion of degeneration {unknown}
 o - a potion of lignification {unknown}
Comestibles
 c - 3 rations
 j - 2 chunks of flesh {@w0}


   Skills:
 - Level 1.5 Dodging
 - Level 1.5 Stealth
 + Level 2.3 Shields
 - Level 1.5 Spellcasting
 + Level 4.8 Necromancy


You had one spell level left.
You knew the following spells:

 Your Spells              Type           Power        Failure   Level  Hunger
a - Pain                  Necr           ###.         3%          1    ##.....
b - Animate Skeleton      Necr           N/A          3%          1    ##.....
c - Regeneration          Chrm/Necr      #.........   28%         3    ####...

Your spell library contained the following spells:

 Spells                   Type           Power        Failure   Level  Hunger
 Vampiric Draining        Necr           ###.......   11%         3    ####...
 Animate Dead             Necr           N/A          34%         4    #####..


Dungeon Overview and Level Annotations

Branches:
Dungeon (2/15)

Altars:

Annotations:
D:2 Natasha, Sigmund


Message History

The bat closely misses your adder skeleton.
The bat hits your adder skeleton.
Your adder skeleton bites the bat.
The bat dies!
You swap places.
You start resting.
A frilled lizard comes into view.
You swap places.
Casting: Animate Skeleton (safe; 3% risk of failure)
Confirm with . or Enter, or press ? or * to list all spells.
Aiming: Pain (safe; 3% risk of failure)
Press: ? - help, Shift-Dir - straight line, f - frilled lizard
Aim: a frilled lizard (chance to defeat MR: 87%)
The frilled lizard barely resists.
Casting: Pain (safe; 3% risk of failure)
Confirm with . or Enter, or press ? or * to list all spells.
Aiming: Pain (safe; 3% risk of failure)
Press: ? - help, Shift-Dir - straight line, f/p - frilled lizard
Aim: a frilled lizard (chance to defeat MR: 87%)
The frilled lizard writhes in agony.
You kill the frilled lizard!
You start resting.
Magic restored.
HP restored.
You swap places.
You swap places.
There is a stone staircase leading down here.
Casting: Pain (safe; 3% risk of failure)
Confirm with . or Enter, or press ? or * to list all spells.
Aiming: Pain (safe; 3% risk of failure)
Press: ? - help, Shift-Dir - straight line, f - bat
Aim: a bat (resting, chance to defeat MR: 87%)
The bat writhes in agony!
You kill the bat!
You have reached level 4!
You start resting.
HP restored.
Magic restored.
Really walk into a travel-excluded area? 2 gnolls come into view.
A gnoll is wielding a +0 flail of crushing.
A gnoll comes into view. It is wielding a +0 spear.
The helpless Natasha fails to defend herself.
You hit Natasha.
Natasha is moderately wounded.
The gnoll shouts!
Natasha barely misses you.
Casting: Pain (safe; 3% risk of failure)
Confirm with . or Enter, or press ? or * to list all spells.
Aiming: Pain (safe; 3% risk of failure)
Press: ? - help, Shift-Dir - straight line, f - Natasha
Aim: Natasha, carrying a wand of random effects (13) (moderately wounded, chance to defeat MR: 75%) Natasha writhes in agony.
Natasha casts a spell at you. The magic dart hits you!
Your adder skeleton closely misses Natasha.
Casting: Pain (safe; 3% risk of failure)
Confirm with . or Enter, or press ? or * to list all spells.
Aiming: Pain (safe; 3% risk of failure)
Press: ? - help, Shift-Dir - straight line, f/p - Natasha
Aim: Natasha, carrying a wand of random effects (13) (moderately wounded, chance to defeat MR: 75%) Natasha struggles to resist.
Your adder skeleton completely misses Natasha.
Natasha claws you!
The gnoll barely misses your adder skeleton.
Casting: Pain (safe; 3% risk of failure)
Confirm with . or Enter, or press ? or * to list all spells.
Aiming: Pain (safe; 3% risk of failure)
Press: ? - help, Shift-Dir - straight line, f/p - Natasha
Aim: Natasha, carrying a wand of random effects (13) (moderately wounded, chance to defeat MR: 75%) Natasha writhes in agony.
Your adder skeleton closely misses Natasha.
Natasha claws you.
Casting: Pain (safe; 3% risk of failure)
Confirm with . or Enter, or press ? or * to list all spells.
Aiming: Pain (safe; 3% risk of failure)
Press: ? - help, Shift-Dir - straight line, f/p - Natasha
Aim: Natasha, carrying a wand of random effects (13) (heavily wounded, chance to defeat MR: 75%) Natasha struggles to resist.
The gnoll hits your adder skeleton but does no damage.
Your adder skeleton bites the gnoll.
Natasha barely misses you.
Casting: Pain (safe; 3% risk of failure)
Confirm with . or Enter, or press ? or * to list all spells.
Aiming: Pain (safe; 3% risk of failure)
Press: ? - help, Shift-Dir - straight line, f/p - Natasha
Aim: Natasha, carrying a wand of random effects (13) (heavily wounded, chance to defeat MR: 75%) Natasha writhes in agony.
The gnoll barely misses you.
The gnoll hits your adder skeleton with a +0 flail of crushing.
Your adder skeleton bites the gnoll.
You block Natasha's attack.
Casting: Pain (safe; 3% risk of failure)
Confirm with . or Enter, or press ? or * to list all spells.
Aiming: Pain (safe; 3% risk of failure)
Press: ? - help, Shift-Dir - straight line, f/p - Natasha
Aim: Natasha, carrying a wand of random effects (13) (heavily wounded, chance to defeat MR: 75%) Natasha struggles to resist.
The gnoll closely misses you.
Your adder skeleton bites the gnoll.
The gnoll hits your adder skeleton with a +0 flail of crushing!
Your adder skeleton is destroyed!
Natasha claws you!
You die...

#############
# #...........
#
#.........####
. #
#......?......
... .
##...%.....#
.... #
#....@.....#
.....#
#).gh###.#.#
.....# #..gg
#.#.# ......
#.... #.#.#
####.# #....
#.#.# #.#
#.... #.#.#
#.# #....
#>#.# #.#
#.... #.#.#
#.# #.#.# #.#


You could see Natasha and 3 gnolls.

Vanquished Creatures
  An adder (D:2)
  2 oozes
  3 leopard geckos (D:1)
  5 giant cockroaches
  8 goblins
  6 kobolds
  4 bats
  A frilled lizard (D:2)
  3 rats
33 creatures vanquished.

Vanquished Creatures (collateral kills)
  2 bats
2 creatures vanquished.

Grand Total: 35 creatures vanquished

Notes
Turn   | Place    | Note
-------+----------+-------------------------------------------
     0 | D:1      | sankara the Hill Orc Necromancer began the quest for the
                  | Orb.
     0 | D:1      | Reached XP level 1. HP: 14/14 MP: 3/3
    27 | D:1      | Learned a level 1 spell: Animate Skeleton
   361 | D:1      | Reached XP level 2. HP: 20/20 MP: 2/4
   567 | D:1      | Reached skill level 1 in Shields
   818 | D:1      | Reached XP level 3. HP: 22/26 MP: 0/5
   883 | D:1      | Learned a level 3 spell: Regeneration
  1308 | D:2      | Noticed Sigmund
  1388 | D:2      | Reached skill level 2 in Shields
  1642 | D:2      | Noticed Natasha
  1748 | D:2      | Reached XP level 4. HP: 33/33 MP: 4/6
  1777 | D:2      | Slain by Natasha

Levels and vault maps discovered:
D:1:      dpeg_arrival_rooms_a, layout_loops_cross
D:2:      layout_basic, uniq_natasha, uniq_sigmund

Skill      XL: |  1  2  3 |
---------------+----------+-----
Shields        | 1 2 |  2.3
Dodging        | |  1.5
Stealth        | |  1.5
Spellcasting   | |  1.5
Necromancy     | |  4.8

Action                   |  1- 3 |  4- 6 || total
-------------------------+-------+-------++-------
Melee: Unarmed           |     5 |       ||     5
       Dagger            |    11 |     1 ||    12
       Club              |     2 |       ||     2
 Cast: Pain              |    53 |     7 ||    60
       Animate Skeleton  |    13 |       ||    13
 Stab: Sleeping          |     2 |     1 ||     3
  Eat: Chunk             |     4 |       ||     4
Armor: Robe              |     1 |       ||     1
Dodge: Dodged            |    19 |     4 ||    23
Block: Buckler           |     4 |     1 ||     5

Table legend:
 A = Non-vault XP
 B = Vault XP
 C = Vault XP percentage of total XP
 D = Non-vault monster count
 E = Vault monster count
 F = Vault count percentage of total count
                 A         B        C        D         E       F
            +---------+---------+-------+---------+---------+-------
      Total |      82 |       0 |   0.0 |      35 |       0 |   0.0
            +---------+---------+-------+---------+---------+-------
        D:1 |      51 |       0 |   0.0 |      24 |       0 |   0.0
        D:2 |      31 |       0 |   0.0 |      11 |       0 |   0.0
            +---------+---------+-------+---------+---------+-------

Levels and vault maps discovered:
D:1:      dpeg_arrival_rooms_a, layout_loops_cross
D:2:      layout_basic, uniq_natasha, uniq_sigmund

Table legend:
 A = Turns spent in this place as a percentage of turns spent in the entire game.
 B = Non-inter-level travel turns spent in this place as a percentage of non-inter-level travel turns spent in the entire game.
 C = Inter-level travel turns spent in this place as a percentage of turns spent in this place.
 D = Turns resting spent in this place as a percentage of non-inter-level travel turns spent in this place.
 E = Turns spent auto-exploring this place as a percentage of non-inter-level travel turns spent in this place.
 F = Non-inter-level travel turns spent in this place divided by the number of levels of this place that you've seen.
                   A       B       C       D       E      F
               +-------+-------+-------+-------+-------+----------------------
         Total | 100.0 | 100.0 |   0.3 |  33.8 |  44.6 | 885.5
       Dungeon | 100.0 | 100.0 |   0.3 |  33.8 |  44.6 | 885.5
               +-------+-------+-------+-------+-------+----------------------

Table legend:
 A = Kills in this place as a percentage of kills in entire the game.
 B = Kills by you in this place as a percentage of kills by you in the entire game.
 C = Kills by friends in this place as a percentage of kills by friends in the entire game.
 D = Other kills in this place as a percentage of other kills in the entire game.
 E = Experience gained in this place as a percentage of experience gained in the entire game.
 F = Experience gained in this place divided by the number of levels of this place that you have seen.
                   A       B       C       D       E      F
               +-------+-------+-------+-------+-------+----------------------
         Total | 100.0 | 100.0 | 100.0 |   N/A | 100.0 |  41.0
       Dungeon | 100.0 | 100.0 | 100.0 |   N/A | 100.0 |  41.0
               +-------+-------+-------+-------+-------+----------------------
